 Dungeon Crawl Stone Soup version 0.31-a0-1074-g0b22e4e0f1 (webtiles) character file.

Game seed: 1488748860695389414

30 dialectric the Sneak (level 3, -3/19 HPs)
             Began as a Spriggan Delver on Nov 27, 2023.
             Splashed by a jelly's acid (6 damage)
             ... on level 4 of the Dungeon.
             The game lasted 00:00:26 (218 turns).

dialectric the Sneak (Spriggan Delver)               Turns: 218, Time: 00:00:26

Health: -3/19      AC:  2    Str:  8    XL:     3   Next: 3%
Magic:  4/4        EV: 18    Int: 11    God:
Gold:   18         SH:  0    Dex: 18    Spells: 2/2 levels left

rFire   . . .        a - +0 short sword
rCold   . . .        (no shield)
rNeg    . . .        b - +0 robe
rPois   .            (helmet restricted)
rElec   .            (no cloak)
rCorr   .            (gloves unavailable)
SInv    +            (boots unavailable)
Will    .....        (no amulet)
Stlth   ++++         (no ring)
HPRegen 0.23/turn    (no ring)
MPRegen 0.09/turn

%: no passive effects
@: very quick
A: very small, no large weapons, unfitting armour, see invisible, speed 3
a: no special abilities


You were on level 4 of the Dungeon.
You visited 1 branch of the dungeon, and saw 2 of its levels.

You collected 18 gold pieces.

Inventory:

Hand Weapons
 a - a +0 short sword (weapon)
Armour
 b - a +0 robe (worn)
Jewellery
 j - the amulet "Ipsid" {Acrobat MP+9 Str+2 SInv}
   (You found it on level 5 of the Dungeon)

   [amulet of the acrobat]

   Acrobat:   It increases your evasion while moving and waiting.
   Str+2:     It affects your strength (+2).
   MP+9:      It affects your magic capacity (+9).
   SInv:      It lets you see invisible.
Wands
 g - a wand of digging (3)
 l - a wand of iceblast (10)
Scrolls
 c - a scroll of fog
 d - a scroll of revelation
 e - a scroll of fear
 h - a scroll of identify {unknown}
 i - a scroll of teleportation {unknown}
 k - a scroll of enchant armour {unknown}
Potions
 f - a potion of haste


   Skills:
 + Level 2.7 Fighting
 + Level 2.7 Short Blades
 + Level 3.3 Dodging
 + Level 7.6 Stealth


You had 2 spell levels left.
You didn't know any spells.
Your spell library contained the following spells:

 Spells                   Type           Power      Damage    Failure   Level
 Stone Arrow              Conj/Erth      0%         3d7       71%         3
 Animate Armour           Summ/Erth      0%         N/A       98%         4
 Lehudib's Crystal Spear  Conj/Erth      0%         10d2      100%        8


Dungeon Overview and Level Annotations

Branches:
Dungeon (5/15)
 Temple: D:4-7

Altars:
Ru


Innate Abilities, Weirdness & Mutations

You are very small and have problems with some larger weapons.
You are too small for most types of armour.
You have supernaturally acute eyesight. (SInv)
You cover ground extremely quickly. (Speed+++)


Message History

A mysterious force pulls you upwards. The hatch slams shut behind you.
Unknown command.
HP restored.
An orc priest comes into view. It is wielding a +0 hand axe.
Found 2 red potions.
An orc priest is nearby!
The orc priest shouts!
You hear a shout!
An orc priest is nearby!
An orc priest is nearby!
An orc priest comes into view. It is wielding a +0 short sword.
A quokka comes into view.
You closely miss the orc priest. The orc priest barely misses you.
You hit the orc priest.
The orc priest is moderately wounded.
The orc priest attacks as it pursues you!
The orc priest barely misses you.
The orc priest looks braver for a moment.
An orc wizard comes into view. It is wielding a +0 dagger.
A bullfrog comes into view.
The orc wizard closely misses you.
You hit the orc wizard.
The orc wizard is heavily wounded.
The orc priest calls down the wrath of Beogh upon you.
Pain shoots through your body!
The orc wizard hits you but does no damage.
Found a sapphire potion.
The orc wizard barely misses you.
An orc comes into view. It is wielding a +0 club.
Found 10 gold pieces.
A jelly comes into view.
The orc shouts!
The orc wizard mumbles some strange words.
The orc wizard flickers and vanishes for a moment.
The orc priest invokes the aid of Beogh against you.
Beogh smites you!
Ouch! That really hurt!
The bullfrog croaks.
The jelly hits you.
* * * LOW HITPOINT WARNING * * *
You are splashed with acid.
You die...

####........
##.........##.........
#.......#.##.........
#.......#..#....!...
#.........##$.......
#........##....... # #
#........##...... .#...
##....##..o...o##......
#.....#.ro....@......#
##...##.#..o.FJ.......
#####...........##...
#....#........# .
##..##....#####
#######.## ###


You could see a bullfrog, a jelly, 2 orc priests, an orc wizard (invisible), an
orc and a quokka.

Vanquished Creatures
  A jelly (D:5)
1 creature vanquished.

Notes
Turn   | Place    | Note
-------+----------+-------------------------------------------
     0 | D:5      | dialectric the Spriggan Delver began the quest for the Orb.
     0 | D:5      | Reached XP level 1. HP: 11/11 MP: 2/2
    35 | D:5      | Identified the amulet "Ipsid" {Acrobat MP+9 Str+2 SInv}
    59 | D:5      | Found a sacrificial altar of Ru.
    73 | D:5      | Noticed a jelly
    75 | D:5      | Killed a jelly
    76 | D:5      | Reached XP level 2. HP: 16/16 MP: 3/3
    76 | D:5      | Reached XP level 3. HP: 19/19 MP: 4/4
   140 | D:5      | Noticed an ogre
   207 | D:4      | Noticed a bullfrog
   218 | D:4      | Splashed by a jelly's acid

Illustrated notes

Levels and vault maps discovered:
D:4:      layout_cave_pools
D:5:      layout_gridville, nicolae_ru_sacrificial_ziggurat

Skill      XL: |  1 |
---------------+----+-----
Dodging        | 3 |  3.3
Fighting       | |  2.7
Short Blades   | |  2.7
Stealth        | |  7.6

Action                     || total
---------------------------++-------
  Melee: Short sword       ||    11
   Stab: Sleeping          ||     1
 Armour: Robe              ||     4
  Dodge: Dodged            ||    18

Table legend: (Time is in decaauts)
 A = Elapsed time spent in this place.
 B = Non-inter-level travel time spent in this place.
 C = Inter-level travel time spent in this place.
 D = Time resting spent in this place.
 E = Time spent auto-exploring this place.
 F = Levels seen in this place.
 G = Mean time per level.
                   A        B        C        D        E       F      G
               +--------+--------+--------+--------+--------+-----+--------+
         Total |    145 |    145 |      0 |      0 |     93 |   2 |   72.5 |
       Dungeon |    145 |    145 |      0 |      0 |     93 |   2 |   72.5 |
               +--------+--------+--------+--------+--------+-----+--------+

Top non-repeatable levels by time:
     D:5: 114 daAuts
     D:4: 30 daAuts
